 Dungeon Crawl Stone Soup version 0.32-a0-913-g739538afd8 (webtiles) character file.

Game seed: 15956604519412561356

106 Biggs the Changeling (level 4, -6/28 HPs)
             Began as an Octopode Shapeshifter on Apr 8, 2024.
             Killed from afar by Sigmund (9 damage)
             ... with a magic dart
             ... on level 3 of the Dungeon.
             The game lasted 00:02:27 (1444 turns).

Biggs the Changeling (Octopode Shapeshifter)        Turns: 1444, Time: 00:02:27

Health: -6/28      AC:  1    Str: 15    XL:     4   Next: 84%
Magic:  4/4        EV: 12    Int: 12    God:
Gold:   117        SH:  0    Dex: 11    Spells: 3/3 levels left

rFire   . .          .
                       - Unarmed
rCold   . . .        (no shield)
rNeg    . . .        (helmet currently unavailable)
rPois   .            (no amulet)
rElec   .            (no ring)
rCorr   .            (no ring)
SInv    .            (no ring)
Will    .....        (no ring)
Stlth   ++           (no ring)
HPRegen 0.24/turn    (no ring)
MPRegen 0.09/turn    (no ring)
                     (no ring)

%: no passive effects
@: beast-form
A: beast (slay +2), almost no armour, amphibious, 8 rings, camouflage 1,
gelatinous body 1, (nimble swimmer 1), tentacles
a: Begin Untransformation


You were on level 3 of the Dungeon.
You were a hulking beast.
You visited 1 branch of the dungeon, and saw 3 of its levels.

You collected 117 gold pieces.

Inventory:

Jewellery
 d - a ring of wizardry
Talismans
 b - a beast talisman (active)
 c - a flux talisman
Scrolls
 g - a scroll of enchant weapon {unknown}
 i - a scroll of fear {unknown}
 k - a scroll of butterflies {unknown}
 n - a scroll of identify {unknown}
 o - a scroll of fog {unknown}
 p - a scroll of noise {unknown}
 q - a scroll of blinking {unknown}
Potions
 a - a potion of lignification
 e - 4 potions of curing {unknown}
 f - 2 potions of might {unknown}
 h - a potion of heal wounds {unknown}
 j - a potion of haste {unknown}
 l - a potion of magic {unknown}
 m - 2 potions of resistance {unknown}


   Skills:
 - Level 1.0 Fighting
 - Level 2.0 Dodging
 - Level 3.0 Unarmed Combat
 + Level 5.1 Shapeshifting


You had 3 spell levels left.
You didn't know any spells.
Your spell library contained the following spells:

 Spells                   Type           Power      Damage    Failure   Level
 Sting                    Conj/Alch      0%         1d3       32%         1
 Mercury Vapours          Alch/Air       0%         N/A       45%         2
 Olgreb's Toxic Radiance  Alch           0%         N/A       97%         4


Dungeon Overview and Level Annotations

Branches:
Dungeon (3/15)

Altars:

Annotations:
D:3 Sigmund


Innate Abilities, Weirdness & Mutations

You are a hulking beast.
Your limbs bulge with bestial killing power. (Slay +2)
You cannot wear most types of armour.
You are amphibious.
You can wear up to eight rings at the same time.
Your skin changes colour to match your surroundings (Stealth+).
Your rubbery body absorbs attacks. (AC +1, EV +1)
((You are camouflaged when in or above water. (Stealth+)))
You have tentacles for arms and can constrict up to eight enemies at once.


Message History

You see here a rat corpse.
You tentacle-slap the bat. You grab the bat.
The bat is severely wounded.
You constrict the bat.
You kill the bat!
An orc comes into view. It is wielding a +0 flail.
You see here a bat corpse.
Sigmund the Dreaded comes into view.
He is wielding a +0 scythe.
Found a stone staircase leading down.
The orc shouts!
The rat squeaks loudly.
The orc shouts!
The orc hits you with a +0 flail. Sigmund casts a spell at you.
The puff of flame misses you.
Sigmund mumbles some strange words.
Sigmund flickers and vanishes!
Deactivating autopickup; reactivate with Ctrl-A.
The orc misses you. The orc closely misses you. The rat bites you.
The rat bites you.
The orc unwields a +0 flail.
The orc wields a +0 sling.
The orc shoots a sling bullet.
The sling bullet hits you! The orc attacks as it pursues you!
The orc hits you with a +0 flail.
The orc shoots a sling bullet.
The sling bullet closely misses you.
The orc shoots a sling bullet.
The sling bullet hits you.
You bludgeon the orc!
You kill the orc!
The orc shoots a sling bullet.
The sling bullet misses you.
You completely miss the rat. You grab the rat. You squeeze the rat.
You kill the rat!
The orc shoots a sling bullet.
The sling bullet closely misses you.
The orc shoots a sling bullet.
A puff of flame appears from out of thin air!
The puff of flame hits you!
* * * LOW HITPOINT WARNING * * *
A magic dart appears from out of thin air!
The magic dart hits you.
* * * LOW HITPOINT WARNING * * *
Sigmund gestures at you while chanting. The magic dart hits you!
You die...
Sigmund begins carving another notch in his scythe.

#..........## ...
#......<....# ...
##........#.## #.#
##......##..### #.#
#### #######......#
##.###... #......#
##.o......
#......#####...###o..
#...<.....)@.{...{...
#...h..###).##....)..
#......##..###.##....
#......##.## #.###...
####.......###.# ##..
#.#####.)##[# ### #.#
##รท##.# #.# #..#.#
#.# ##.#.# #.#
#####...######


You could see Sigmund.

Vanquished Creatures
  Jessica (D:3)
  3 adders (D:3)
  A dart slug (D:1)
  A ribbon worm (D:3)
  2 orcs (D:3)
  4 ball pythons
  4 endoplasms
  3 giant cockroaches
  2 hobgoblins
  A quokka (D:1)
  7 bats
  A frilled lizard (D:2)
  6 goblins
  7 kobolds
  6 rats
49 creatures vanquished.

Notes
Turn   | Place    | Note
-------+----------+-------------------------------------------
     0 | D:1      | Biggs the Octopode Shapeshifter began the quest for the
                  | Orb.
     0 | D:1      | Reached XP level 1. HP: 13/13 MP: 1/1
   107 | D:1      | Reached XP level 2. HP: 17/18 MP: 2/2
   371 | D:1      | Reached XP level 3. HP: 23/23 MP: 3/3
   375 | D:1      | Reached skill level 4 in Shapeshifting
  1174 | D:3      | Reached XP level 4. HP: 17/28 MP: 4/4
  1301 | D:3      | Noticed Jessica
  1314 | D:3      | Killed Jessica
  1315 | D:3      | Reached skill level 5 in Shapeshifting
  1412 | D:3      | Noticed Sigmund
  1444 | D:3      | Killed from afar by Sigmund

Illustrated notes

Levels and vault maps discovered:
D:1:      scummos_arrival_simple_fountains, layout_basic
D:2:      layout_basic
D:3:      layout_rooms, general_overflow_altar, uniq_jessica, uniq_terence,
          uniq_sigmund

Skill      XL: |  1  2  3  4 |
---------------+-------------+-----
Shapeshifting  | 4 5 |  5.1
Fighting       | |  1.0
Dodging        | |  2.0
Unarmed Combat | |  3.0

Action                     |  1- 3 |  4- 6 || total
---------------------------+-------+-------++-------
  Melee: Unarmed           |    59 |    17 ||    76
         Constrict         |    15 |     5 ||    20
         Tentacles         |    11 |     3 ||    14
         Punch             |     5 |       ||     5
   Stab: Sleeping          |     7 |       ||     7
 Armour: Skin              |    36 |    17 ||    53
  Dodge: Dodged            |    34 |    20 ||    54

Table legend: (Time is in decaauts)
 A = Elapsed time spent in this place.
 B = Non-inter-level travel time spent in this place.
 C = Inter-level travel time spent in this place.
 D = Time resting spent in this place.
 E = Time spent auto-exploring this place.
 F = Levels seen in this place.
 G = Mean time per level.
                   A        B        C        D        E       F      G
               +--------+--------+--------+--------+--------+-----+--------+
         Total |   1439 |   1386 |     53 |      0 |   1070 |   3 |  479.7 |
       Dungeon |   1439 |   1386 |     53 |      0 |   1070 |   3 |  479.7 |
               +--------+--------+--------+--------+--------+-----+--------+

Top non-repeatable levels by time:
     D:1: 571 daAuts
     D:2: 545 daAuts
     D:3: 322 daAuts
